 Dungeon Crawl Stone Soup version 0.18-a0-1797-gc18daef (webtiles) character file.

114 barb4r1an the Shield-Bearer (level 4, -5/40 HPs)
             Began as a Minotaur Fighter on Apr 22, 2016.
             Killed by divine providence
             ... invoked by an orc priest
              (13 damage)
             ... on level 3 of the Dungeon.
             The game lasted 00:02:12 (1424 turns).

barb4r1an the Shield-Bearer (Minotaur Fighter)      Turns: 1424, Time: 00:02:13

Health: -5/40      AC: 10    Str: 21    XL:     4   Next: 66%
Magic:  3/3        EV:  8    Int:  5    God:
Gold:   108        SH:  9    Dex: 10    Spells: 0 memorised, 3 levels left

rFire  . . .     SeeInvis .     a - +0 flail
rCold  . . .     Gourm    .     b - +0 scale mail
rNeg   . . .     Faith    .     c - +0 shield
rPois  .         Spirit   .     (helmet restricted)
rElec  .         Dismiss  .     (no cloak)
rCorr  .         Reflect  .     k - +2 pair of gloves
SustAt .         Harm     .     (no boots)
MR     .....                    (no amulet)
Stlth  ..........               (no ring)
                                (no ring)

@: not resistant to hostile enchantments, extremely unstealthy
A: retaliatory headbutt, horns 2
a: no special abilities


You were on level 3 of the Dungeon.
You were not hungry.

You visited 1 branch of the dungeon, and saw 3 of its levels.

You collected 108 gold pieces.

Inventory:

Hand Weapons
 a - a +0 flail (weapon)
Armour
 b - a +0 scale mail (worn)
 c - a +0 shield (worn)
 k - a +2 pair of gloves (worn)
Jewellery
 u - a cursed ring of loudness {unknown}
Scrolls
 i - 2 scrolls of amnesia {unknown}
 l - 3 scrolls of identify {unknown}
 p - 2 scrolls of remove curse {unknown}
 r - a scroll of magic mapping {unknown}
 s - a scroll of fog {unknown}
 t - a scroll of blinking {unknown}
Potions
 d - 2 potions of might
 e - a potion of ambrosia {unknown}
 g - 2 potions of brilliance {unknown}
 h - 2 potions of curing {unknown}
 m - a potion of lignification {unknown}
 o - 2 potions of haste
 q - a potion of degeneration {unknown}
Comestibles
 f - a bread ration
 j - 3 meat rations
 n - 2 beef jerkies
 v - a slice of pizza


   Skills:
 + Level 4.2 Fighting
 + Level 3.1 Maces & Flails
 + Level 4.3 Armour
 + Level 2.0 Dodging
 + Level 4.7 Shields


You had 3 spell levels left.
You didn't know any spells.

Dungeon Overview and Level Annotations

Branches:
Dungeon (3/15)

Altars:


Innate Abilities, Weirdness & Mutations

You reflexively headbutt those who attack you in melee.
You have a pair of horns on your head.


Message History

The orc priest is heavily wounded.
You block the orc priest's attack.
The orc priest mumbles some strange prayers to Beogh against you.
Beogh smites you!
* * * LOW HITPOINT WARNING * * *
You sock the orc priest!
The orc priest is almost dead.
The orc priest hits you but does no damage.
You hit the orc priest but do no damage.
You headbutt the orc priest, but do no damage.
The orc priest is almost dead.
The orc priest hits you but does no damage.
You hit the orc priest but do no damage.
The orc priest is almost dead.
The orc priest completely misses you.
You barely miss the orc priest.
The orc priest is almost dead.
The orc priest calls down the wrath of Beogh upon you.
Beogh smites you!
You die...

... .#### #.# ####.#..
#.# #. ...!# #.# ..
....# #.# #. ... . #.#
#. #.#.# #.#
######.##.#.# #.#
......o@..#.######.#
######.##..........#####
#.#..........#.....
#.#..#.....#.#†#...
#.#..#.###.#.#†#.##
#.#..#.....#.#.#.#.
#.#................
#.#..#.......#.#.#.
#..###...###.#.##


You could see an orc priest.

Vanquished Creatures
  Ijyb (D:2)
  3 adders
  2 giant geckos
  4 orcs (D:3)
  4 bats (D:1)
  3 giant cockroaches (D:1)
  6 goblins
  6 hobgoblins
  3 jackals (D:3)
  2 ball pythons
  13 kobolds
  6 rats
53 creatures vanquished.

Notes
Turn   | Place    | Note
--------------------------------------------------------------
     0 | D:1      | barb4r1an the Minotaur Fighter began the quest for the Orb.
     0 | D:1      | Reached XP level 1. HP: 19/19 MP: 0/0
   129 | D:1      | Reached XP level 2. HP: 27/27 MP: 1/1
   161 | D:1      | Reached skill level 1 in Dodging
   536 | D:2      | Noticed Ijyb
   545 | D:2      | Killed Ijyb
   545 | D:2      | Reached XP level 3. HP: 28/33 MP: 2/2
   608 | D:2      | Reached XP level 4. HP: 39/40 MP: 3/3
   919 | D:2      | Found a faded altar to an unknown god.
  1424 | D:3      | Killed from afar by an orc priest

Vault maps used:
D:1:      eino_arrival_cavern_a
D:2:      ecumenical_altar_1, uniq_iyjb

Skill      XL: |  1  2  3  4 |
---------------+-------------+-----
Dodging        | 1 2 |  2.0
Fighting       | 4 |  4.2
Armour         | 4 |  4.3
Shields        | 4 |  4.7
Maces & Flails | 3 |  3.1

Action                   |  1- 3 |  4- 6 || total
-------------------------+-------+-------++-------
Melee: Flail             |    83 |    65 ||   148
       Headbutt          |     7 |     9 ||    16
  Eat: Chunk             |       |     2 ||     2
Armor: Scale mail        |    33 |    31 ||    64
Dodge: Dodged            |    19 |    21 ||    40
Block: Shield            |    48 |    25 ||    73
